 Dungeon Crawl Stone Soup version 0.29-a0-364-g921d912d32 (webtiles) character file.

Game seed: 7867950942900493818

77 holysushi the Cutter (level 4, -2/37 HPs)
             Began as a Demonspawn Monk on May 1, 2022.
             Slain by a gnoll
             ... wielding a +0 club
              (7 damage)
             ... on level 2 of the Dungeon.
             The game lasted 00:02:46 (2820 turns).

holysushi the Cutter (Demonspawn Monk)              Turns: 2820, Time: 00:02:47

Health: -2/37      AC:  2    Str: 12    XL:     4   Next: 14%
Magic:  4/4        EV: 13    Int: 11    God:
Gold:   16         SH:  0    Dex: 17    Spells: 3/3 levels left

rFire   . . .      SeeInvis .   a - +0 short sword
rCold   . . .      Faith    .   (no shield)
rNeg    . . .      Spirit   .   b - +0 robe
rPois   .          Reflect  .   (no helmet)
rElec   .          Harm     .   (no cloak)
rCorr   .          Rampage  .   (no gloves)
Will    .....                   (no boots)
Stlth   ++........              (no amulet)
HPRegen 0.12/turn               (no ring)
MPRegen 0.09/turn               (no ring)

@: no status effects
A: claws 1, foul stench 1
a: no special abilities


You were on level 2 of the Dungeon.
You visited 1 branch of the dungeon, and saw 3 of its levels.

You collected 16 gold pieces.

Inventory:

Hand Weapons
 a - a +0 short sword (weapon)
Armour
 b - a +0 robe (worn)
Scrolls
 d - 3 scrolls of acquirement {unknown}
 e - a scroll of blinking {unknown}
 g - a scroll of enchant armour {unknown}
 h - a scroll of vulnerability {unknown}
 i - 2 scrolls of identify {unknown}
 k - a scroll of magic mapping {unknown}
Potions
 c - a potion of ambrosia
 f - a potion of resistance {unknown}
 j - a potion of invisibility {unknown}


   Skills:
 + Level 3.7 Fighting
 * Level 4.1 Short Blades
 - Level 2.6 Dodging
 - Level 1.7 Stealth


You had 3 spell levels left.
You didn't know any spells.
Your spell library contained the following spells:

 Spells                   Type           Power      Damage    Failure   Level
 Sandblast                Erth           0%         2d4       34%         1
 Passwall                 Tmut/Erth      0%         N/A       47%         2
 Stone Arrow              Conj/Erth      0%         3d7       71%         3


Dungeon Overview and Level Annotations

Branches:
Dungeon (3/15)

Altars:


Innate Abilities, Weirdness & Mutations

You have sharp fingernails.
You may rarely emit foul miasma when damaged in melee.


Message History

The gnoll shouts!
You hear a shout!
A gnoll comes into view. It is wielding a +0 whip.
You completely miss the rat. The rat closely misses you.
The gnoll shouts!
You hit the rat. Your claw misses the rat.
The rat is moderately wounded.
The rat barely misses you.
A gnoll comes into view. It is wielding a +0 spear.
You barely miss the rat.
The rat is moderately wounded.
The rat bites you but does no damage. The gnoll closely misses you.
The gnoll hits you from afar with a +0 spear.
You hit the rat but do no damage.
The rat is moderately wounded.
The rat barely misses you. The gnoll barely misses you.
You hit the rat.
You kill the rat!
The gnoll hits you from afar with a +0 spear.
The gnoll hits you with a +0 spear!
The gnoll hits you from afar with a +0 spear.
You hit the gnoll.
The gnoll is heavily wounded.
The gnoll misses you.
You hit the gnoll.
You kill the gnoll!
The gnoll hits you from afar with a +0 spear.
You hit the gnoll.
The gnoll is moderately wounded.
There is a stone staircase leading up here.
The gnoll hits you with a +0 club!
* * * LOW HITPOINT WARNING * * *
The gnoll hits you from afar with a +0 spear.
* * * LOW HITPOINT WARNING * * *
You climb upwards.
There is a stone staircase leading down here.
You hit the gnoll but do no damage.
The gnoll is moderately wounded.
The gnoll hits you with a +0 club!
You die...

.#.#######.###.## #.# #.#
........รท...##..###.#### #.#
.#.####.##.............# #.# ...#
#.###.#....#####.# #.# .#.#
#.###.#.#..# #.# #<# ...#
##..........# #.# #.# ^###
#...........# #.# #.# ##
#.###..###>.# #.# #.# # #.# #..#
#.@# #.# #.# # #.###..###g## #.#
#.# ######......(...# #.### #.#
................### #...# #.#
#######..####.....######.######.#
.........# ###.#...............#
#######.## #.#######...####### #
#.# #.# ###...### #.###
##.#####.....<.###


You could see a gnoll.

Vanquished Creatures
  2 adders (D:2)
  A gnoll (D:3)
  A worm (D:2)
  A dart slug (D:1)
  4 ball pythons
  3 bats
  2 endoplasms (D:1)
  4 goblins
  2 hobgoblins
  3 jackals (D:2)
  5 kobolds
  4 quokkas (D:2)
  5 frilled lizards
  7 rats
44 creatures vanquished.

Notes
Turn   | Place    | Note
-------+----------+-------------------------------------------
     0 | D:1      | holysushi the Demonspawn Monk began the quest for the Orb.
     0 | D:1      | Reached XP level 1. HP: 18/18 MP: 1/1
   303 | D:1      | Reached skill level 3 in Short Blades
   310 | D:1      | Gained mutation: You have sharp fingernails. [demonic
                  | ancestry]
   310 | D:1      | Reached XP level 2. HP: 12/24 MP: 2/2
  1394 | D:2      | Reached XP level 3. HP: 25/29 MP: 3/3
  2165 | D:2      | HP: 1/29 [quokka (3)]
  2630 | D:2      | Reached skill level 4 in Short Blades
  2782 | D:3      | Gained mutation: You may rarely emit foul miasma when
                  | damaged in melee. [demonic ancestry]
  2782 | D:3      | Reached XP level 4. HP: 36/37 MP: 4/4
  2820 | D:2      | Slain by a gnoll

Illustrated notes

Levels and vault maps discovered:
D:1:      giann_forest_graveyard, layout_basic
D:2:      layout_loops_ring
D:3:      minmay_spotlight, layout_basic, hellmonk_ecumenical_altar_zigzags,
          kennysheep_generic_room_13

Skill      XL: |  1  2  3 |
---------------+----------+-----
Short Blades   | 3 4 |  4.1
Fighting       | |  3.7
Dodging        | |  2.6
Stealth        | |  1.7

Action                   |  1- 3 |  4- 6 || total
-------------------------+-------+-------++-------
Melee: Short sword       |   150 |     9 ||   159
       Punch             |     2 |       ||     2
 Stab: Sleeping          |     7 |       ||     7
Armor: Robe              |    23 |     1 ||    24
Dodge: Dodged            |    91 |     6 ||    97

Table legend: (Time is in decaauts)
 A = Elapsed time spent in this place.
 B = Non-inter-level travel time spent in this place.
 C = Inter-level travel time spent in this place.
 D = Time resting spent in this place.
 E = Time spent auto-exploring this place.
 F = Levels seen in this place.
 G = Mean time per level.
                   A        B        C        D        E       F      G
               +--------+--------+--------+--------+--------+-----+--------+
         Total |   2808 |   2752 |     56 |    850 |   1516 |   3 |  936.0 |
       Dungeon |   2808 |   2752 |     56 |    850 |   1516 |   3 |  936.0 |
               +--------+--------+--------+--------+--------+-----+--------+

Top non-repeatable levels by time:
     D:2: 1505 daAuts
     D:1: 1256 daAuts
     D:3: 46 daAuts
